 Dungeon Crawl Stone Soup version 0.28-a0-80-g9707f7362f (webtiles) character file.

Game seed: 17920629988953924592

304 HAL9000 the Changer (level 6, -2/47 HPs)
             Began as a Draconian Transmuter on Aug 5, 2021.
             Slain by an ice beast (10 damage)
             ... on level 4 of the Dungeon.
             The game lasted 00:06:48 (5543 turns).

HAL9000 the Changer (Draconian Transmuter)          Turns: 5543, Time: 00:06:48

Health: -2/47      AC:  2    Str: 12    XL:     6   Next: 15%
Magic:  6/9        EV: 19    Int: 16    God:
Gold:   205        SH:  0    Dex: 16    Spells: 3/9 levels left

rFire   + . .      SeeInvis .     - Unarmed
rCold   . . .      Faith    .   (shield currently unavailable)
rNeg    . . .      Spirit   .   (armour unavailable)
rPois   x          Reflect  .   (helmet currently unavailable)
rElec   .          Harm     .   (cloak currently unavailable)
rCorr   .          Rampage  .   (gloves currently unavailable)
Will    .....                   (boots currently unavailable)
Stlth   +.........              (no amulet)
HPRegen 0.15/turn               a - ring of protection from fire
MPRegen 0.11/turn               (no ring)

@: spider-form, hasted, very quick
A: venomous fangs, AC +6, tiny, unfitting armour, (cold-blooded)
a: End Transformation


You were on level 4 of the Dungeon.
You were a venomous arachnid creature.
You visited 1 branch of the dungeon, and saw 4 of its levels.

You collected 205 gold pieces.

Inventory:

Missiles
 j - 6 boomerangs (quivered)
Magical Staves
 e - a staff of poison
Jewellery
 a - a ring of protection from fire (left front leg)
Scrolls
 b - 3 scrolls of identify
 f - a scroll of noise {unknown}
 g - a scroll of teleportation {unknown}
 h - a scroll of summoning {unknown}
 k - a scroll of blinking {unknown}
Potions
 c - a potion of mutation
 d - a potion of resistance
 m - a potion of attraction


   Skills:
 - Level 1.1 Fighting
 - Level 1.7 Dodging
 - Level 3.0 Unarmed Combat
 - Level 2.0 Spellcasting
 + Level 6.5 Transmutations


You had 3 spell levels left.
You knew the following spells:

 Your Spells              Type           Power      Damage    Failure   Level
a - Beastly Appendage     Tmut           44%        N/A       6%          1
b - Wereblood             Tmut           22%        N/A       8%          2
c - Spider Form           Tmut/Pois      6%         N/A       34%         3

Your spell library contained the following spells:

 Spells                   Type           Power      Damage    Failure   Level
 Slow                     Hex            1%         N/A       52%         2
 Confusing Touch          Hex            1%         N/A       73%         3
 Ice Form                 Ice/Tmut       12%        N/A       69%         4
 Yara's Violent Unravell  Hex/Tmut       6%         3d5       94%         5
 Summon Forest            Summ/Tloc      0%         N/A       100%        5
 Eringya's Noxious Bog    Tmut/Pois      6%         N/A       100%        6
 Summon Hydra             Summ           0%         N/A       100%        7


Dungeon Overview and Level Annotations

Branches:
Dungeon (4/15)
 Temple: D:4-7

Altars:
Fedhas
Gozag
Wu Jian
Xom


Innate Abilities, Weirdness & Mutations

You are a venomous arachnid creature.
You have poisonous fangs.
You are tiny and dextrous.
Your spellcasting is less reliable in this form.
Your armour is entirely melded.
You are incapable of wielding weapons or throwing items.
((Your plain brown scales are hard. (AC +6)))
You cannot fit into any form of body armour.
((You are cold-blooded and may be slowed by cold attacks.))


Message History

The ice beast closely misses you. The ice beast misses you.
You see here an atropa-tipped dart.
It was a potion of haste.
You feel yourself speed up. The ice beast barely misses you.
Unknown command.
The ice beast is pulled toward you! The ice beast is pulled toward you!
The ice beast is pulled toward you! The ice beast is pulled toward you!
The ice beast is pulled toward you!
You see here an atropa-tipped dart.
The ice beast is pulled toward you! The ice beast closely misses you.
You feel less attractive to monsters.
You see here an atropa-tipped dart.
You closely miss the ice beast. You closely miss the ice beast.
Your tail-slap misses the ice beast.
The ice beast closely misses you.
Casting: Spider Form (dangerous; 16% risk of failure)
Confirm with . or Enter, or press ? or * to list all spells.
You turn into a venomous arachnid creature.
The ice beast hits you. The ice beast freezes you!
* * * LOW HITPOINT WARNING * * *
You hit the ice beast.
The ice beast is lightly wounded.
You bite the ice beast!
The ice beast is poisoned.
The ice beast is moderately wounded.
The ice beast completely misses you.
Unknown command.
You hit the ice beast.
The ice beast is heavily wounded.
The ice beast misses you.
You barely miss the ice beast.
The ice beast is heavily wounded.
You hit the ice beast.
The ice beast is heavily wounded.
The ice beast hits you.
* * * LOW HITPOINT WARNING * * *
The ice beast freezes you!
You die...

#.#.......#.#
#.###.###...#
#.###.###..##
#.#.....#..###
#.#...........
####.#.....##.##.
###.(........##.##
##.#Y##.#.....##..#
#<#s....##.##.###>#.
##.#.(....(##.###.#.
#.#..####.##.......
#.#.......######.##
#.#.........# #.#
#.#(.#.##.#.####.#
#.#..............#
#.()...##.#.######
###.##.##.#.#


You could see an ice beast (very poisoned).

Vanquished Creatures
  An ogre (D:4)
  A phantom (D:4)
  An orc wizard (D:3)
  3 adders (D:3)
  An ufetubus (D:4)
  3 worms (D:3)
  A dart slug (D:1)
  5 orcs (D:3)
  6 ball pythons
  10 endoplasms
  3 giant cockroaches
  3 hobgoblins
  6 jackals
  4 kobolds
  A quokka (D:2)
  4 bats
  2 frilled lizards
  10 goblins
  6 rats
71 creatures vanquished.

Notes
Turn   | Place    | Note
-------+----------+-------------------------------------------
     0 | D:1      | HAL9000 the Draconian Transmuter began the quest for the
                  | Orb.
     0 | D:1      | Reached XP level 1. HP: 16/16 MP: 3/3
   163 | D:1      | Reached XP level 2. HP: 11/23 MP: 3/5
   442 | D:1      | Found a faded altar of an unknown god.
   562 | D:1      | Reached skill level 3 in Transmutations
   844 | D:1      | Learned a level 2 spell: Wereblood
  1133 | D:2      | Reached XP level 3. HP: 26/28 MP: 3/6
  2235 | D:2      | Reached skill level 4 in Transmutations
  2537 | D:3      | Found an opulent altar of Gozag.
  2694 | D:3      | Reached XP level 4. HP: 17/35 MP: 7/7
  2940 | D:3      | Found an ornate altar of the Wu Jian Council.
  3369 | D:3      | Found a shimmering altar of Xom.
  3997 | D:3      | Learned a level 3 spell: Spider Form
  4325 | D:3      | Reached skill level 5 in Transmutations
  4614 | D:4      | Noticed an ogre
  4658 | D:4      | Reached XP level 5. HP: 38/40 MP: 6/8
  4738 | D:4      | Killed an ogre
  4739 | D:4      | Reached skill level 6 in Transmutations
  4780 | D:4      | Found a blossoming altar of Fedhas.
  4947 | D:4      | Noticed a phantom
  4960 | D:4      | Killed a phantom
  4961 | D:4      | Reached XP level 6. HP: 30/47 MP: 9/9
  5141 | D:4      | Found Satob's Armour Boutique.
  5340 | D:4      | Noticed an ice beast
  5543 | D:4      | Slain by an ice beast

Illustrated notes

Levels and vault maps discovered:
D:1:      dpeg_arrival_rhombi, layout_basic,
          shapermc_ecumenical_altar_acropolis, minivault_4
D:2:      layout_loops_ring
D:3:      layout_basic, mainiacjoe_overflow_small_starburst,
          mainiacjoe_overflow_brackets, mainiacjoe_overflow_catwalk
D:4:      layout_loops_cross, nicolae_vehumet_radiance, fedhas_ov_isle_minmay,
          serial_shops, shop

Skill      XL: |  1  2  3  4  5 |
---------------+----------------+-----
Transmutations | 3 4 5 6 |  6.5
Fighting       | |  1.1
Dodging        | |  1.7
Unarmed Combat | |  3.0
Spellcasting   | |  2.0

Action                   |  1- 3 |  4- 6 || total
-------------------------+-------+-------++-------
Melee: Unarmed           |   142 |   100 ||   242
       Tailslap          |    17 |     9 ||    26
       Headbutt          |     6 |     6 ||    12
       Kick              |     4 |    16 ||    20
       Punch             |     2 |     1 ||     3
Throw: Dart              |       |     8 ||     8
 Cast: Beastly Appendage |    17 |    20 ||    37
       Wereblood         |     1 |     1 ||     2
       Spider Form       |       |     3 ||     3
  Use: Scroll            |       |     2 ||     2
       Potion            |       |     2 ||     2
Armor: Skin              |    41 |    22 ||    63
Dodge: Dodged            |   113 |    67 ||   180

Table legend: (Time is in decaauts)
 A = Elapsed time spent in this place.
 B = Non-inter-level travel time spent in this place.
 C = Inter-level travel time spent in this place.
 D = Time resting spent in this place.
 E = Time spent auto-exploring this place.
 F = Levels seen in this place.
 G = Mean time per level.
                   A        B        C        D        E       F      G
               +--------+--------+--------+--------+--------+-----+--------+
         Total |   5543 |   5483 |     60 |   1209 |   3541 |   4 | 1385.8 |
       Dungeon |   5543 |   5483 |     60 |   1209 |   3541 |   4 | 1385.8 |
               +--------+--------+--------+--------+--------+-----+--------+

Top non-repeatable levels by time:
     D:3: 2084 daAuts
     D:2: 1405 daAuts
     D:1: 1119 daAuts
     D:4: 933 daAuts
